 Dungeon Crawl Stone Soup version 0.20-a0-830-g2c9a30d (webtiles) character file.

2674 M4edhros the Cleaver (level 9, -7/79 HPs)
             Began as a Minotaur Berserker on Mar 7, 2017.
             Was a Priest of Trog.
             Killed from afar by Nergalle (31 damage)
             ... with a bolt of negative energy
             ... on level 10 of the Dungeon.
             The game lasted 00:05:50 (1949 turns).

M4edhros the Cleaver (Minotaur Berserker)           Turns: 1949, Time: 00:05:51

Health: -7/79      AC:  9    Str: 23    XL:     9   Next: 37%
Magic:  11/11      EV: 13    Int:  4    God:    Trog [***...]
Gold:   123        SH:  0    Dex: 12    Spells: 8/8 levels left

rFire    . . .     SeeInvis .   o - +4 hand axe
rCold    . . .     Gourm    .   j - +0 ring mail
rNeg     . . .     Faith    +   (no shield)
rPois    .         Spirit   .   (helmet restricted)
rElec    .         Reflect  .   (no cloak)
rCorr    .         Harm     .   (no gloves)
MR       .....                  (no boots)
Stlth    +.........             h - amulet of faith
Regen    0.3/turn               (no ring)
MPRegen  0.2/turn               (no ring)

@: heavily drained
A: retaliatory headbutt, horns 2, slimy green scales 1, thin skeletal structure
1, clumsy 1, shaggy fur 1
a: Berserk, Trog's Hand, Burn Spellbooks, Renounce Religion


You were on level 10 of the Dungeon.
You worshipped Trog.
Trog was most pleased with you.
You were not hungry.

You visited 1 branch of the dungeon, and saw 11 of its levels.

You collected 123 gold pieces.

Inventory:

Hand Weapons
 a - a +0 hand axe
 o - a +4 hand axe (weapon)
 s - a +0 war axe
Armour
 b - a +0 animal skin
 j - a +0 ring mail (worn)
Jewellery
 f - an uncursed ring of protection from magic {unknown}
 h - an amulet of faith (around neck)
Wands
 w - a wand of confusion (5/48)
 B - a wand of flame (31/48)
 C - a wand of disintegration (11/24)
Scrolls
 e - a scroll of fear {unknown}
 g - 3 scrolls of teleportation {unknown}
 i - a scroll of random uselessness
 k - a scroll of amnesia
 l - a scroll of fog
 n - a scroll of noise {unknown}
 p - a scroll of immolation {unknown}
 q - 3 scrolls of blinking {unknown}
 u - a scroll of torment {unknown}
 y - a scroll of identify {unknown}
Potions
 r - 3 potions of mutation
 v - a potion of might {unknown}
 x - 2 potions of curing
Comestibles
 c - 2 bread rations
 d - a royal jelly
 m - 3 fruits
 t - 5 chunks of flesh
 A - a meat ration


   Skills:
 + Level 7.2(5.9) Fighting
 * Level 9.6(8.2) Axes
 + Level 6.8(5.5) Armour
 + Level 6.1(4.8) Dodging
 * Level 4.4(3.2) Evocations


You had 8 spell levels left.
You didn't know any spells.

Dungeon Overview and Level Annotations

Branches:
Dungeon (11/15)
 Temple: D:4-7         Lair: D:8-11         Orc: D:9-12

Altars:
Cheibriados
Vehumet

Shops:
D:11 *

Annotations:
D:10 Nergalle
D:11 Maurice


Innate Abilities, Weirdness & Mutations

You reflexively headbutt those who attack you in melee.
You have a pair of horns on your head.
You are partially covered in slimy green scales. (AC +2)
You have a somewhat thin skeletal structure. (Dex +2, Stealth)
You are clumsy. (Dex -2)
You are covered in fur. (AC +1)


Message History

The bolt of negative energy hits you!
You feel drained.
You hit Nergalle.
Nergalle is heavily wounded.
You slash Nergalle!
Nergalle is severely wounded.
Nergalle points at you and mumbles some strange words.
Orcish apparitions take form around you.
You barely miss Nergalle.
Nergalle is severely wounded.
Nergalle hits you with a dagger.
You hit Nergalle.
Nergalle is severely wounded.
Nergalle hits you with a dagger.
You hit Nergalle.
Nergalle is almost dead.
You hit the spectral orc warrior.
The spectral orc warrior hits you with a war axe.
Nergalle points at you and mumbles some strange words.
The bolt of negative energy hits you!
You feel drained.
You die...

#÷ #. . .# .# #. ...
####.## ....
#####.###.#####.....
##.....##.÷..........
#...........Z@......#
#..<...###..#o#......
#............Z.[.....
#########.###.###..>.
#....... #+# ##
##.### #.# #.>


You could see Nergalle, a spectral orc and a spectral orc warrior.

Vanquished Creatures
  A two-headed ogre (D:9)
  A troll (D:11)
  Prince Ribbit (D:9)
  A hungry ghost (D:7)
  A steam dragon (D:9)
  An eye of draining (D:9)
  A phantom (D:11)
  An ogre (D:11)
  2 centaurs
  3 bullfrogs
  6 killer bees (D:9)
  4 wights (D:8)
  3 crimson imps
  A centaur zombie (D:11)
  3 worker ants (D:8)
  A hound zombie (D:9)
  A gnoll (D:1)
  A howler monkey skeleton (D:4)
  2 adders
  2 shadow imps
  A worm (D:2)
  2 dart slugs (D:1)
  A leopard gecko (D:9)
  6 orcs
  3 bats (D:1)
  A giant cockroach (D:6)
  3 goblins (D:1)
  3 hobgoblins
  8 jackals
  2 quokkas
  A frilled lizard (D:1)
  4 kobolds
  4 rats
76 creatures vanquished.

Vanquished Creatures (others)
  A phantom (D:9)
1 creature vanquished.

Grand Total: 77 creatures vanquished

Notes
Turn   | Place    | Note
-------+----------+-------------------------------------------
     0 | D:1      | M4edhros the Minotaur Berserker began the quest for the Orb.
     0 | D:1      | Reached XP level 1. HP: 19/19 MP: 0/0
    82 | D:1      | Reached skill level 4 in Axes
    95 | D:1      | Reached XP level 2. HP: 27/27 MP: 1/1
   236 | D:1      | Reached ** piety under Trog
   622 | D:1      | Reached XP level 3. HP: 29/33 MP: 2/2
  1059 | D:5      | Entered Level 5 of the Dungeon
  1122 | D:6      | Noticed a bullfrog
  1128 | D:6      | Killed a bullfrog
  1128 | D:6      | Reached skill level 5 in Axes
  1128 | D:6      | Reached XP level 4. HP: 39/41 MP: 3/3
  1156 | D:6      | Noticed a centaur
  1164 | D:6      | Killed a centaur
  1164 | D:6      | Reached XP level 5. HP: 27/47 MP: 4/4
  1211 | D:7      | Noticed a hungry ghost
  1220 | D:7      | Killed a hungry ghost
  1220 | D:7      | Reached skill level 6 in Axes
  1220 | D:7      | Reached XP level 6. HP: 43/55 MP: 5/5
  1226 | D:7      | Found a snail-covered altar of Cheibriados.
  1267 | D:8      | Reached skill level 5 in Fighting
  1272 | D:8      | Reached XP level 7. HP: 61/61 MP: 6/6
  1299 | D:8      | Reached *** piety under Trog
  1299 | D:8      | Reached skill level 7 in Axes
  1369 | D:9      | Reached skill level 5 in Armour
  1405 | D:9      | Reached skill level 1 in Evocations
  1415 | D:9      | Reached XP level 8. HP: 42/70 MP: 6/8
  1442 | D:9      | Reached skill level 5 in Dodging
  1454 | D:10     | Entered Level 10 of the Dungeon
  1532 | D:11     | Reached skill level 8 in Axes
  1538 | D:11     | Noticed a troll
  1542 | D:11     | Killed a troll
  1574 | D:11     | Noticed Maurice
  1577 | D:11     | Gained mutation: You are clumsy. (Dex -2) [potion of mutation]
  1577 | D:11     | Gained mutation: You are covered in fur. (AC +1) [potion of mutation]
  1577 | D:11     | Gained mutation: You have a somewhat thin skeletal structure. (Dex +2, Stealth) [potion of mutation]
  1577 | D:11     | Gained mutation: You are partially covered in slimy green scales. (AC +2) [potion of mutation]
  1583 | D:11     | Found Obeff's Assorted Antiques.
  1706 | D:9      | Noticed Prince Ribbit
  1719 | D:9      | Killed Prince Ribbit
  1719 | D:9      | Reached skill level 9 in Axes
  1769 | D:9      | Reached XP level 9. HP: 18/78 MP: 10/10
  1777 | D:9      | Noticed a two-headed ogre
  1802 | D:9      | Killed a two-headed ogre
  1836 | D:9      | Found a radiant altar of Vehumet.
  1931 | D:10     | Noticed Nergalle
  1949 | D:10     | Killed from afar by Nergalle

Vault maps used:
D:1:      saegor_arrival_simple_c, serial_bayou_lake_a
D:2:      minitemple, tso_metal_star
D:3:      uniq_iyjb
D:4:      first_bread, uniq_crazy_yiuf_cottage, uniq_eustachio
D:5:      lemuel_ratsnest, ashenzari_altar_1, uniq_grinder
D:6:      corexii_item_surrounded_by_moat, minmay_misc_feat_plants,
          uniq_menkaure, uniq_pikel, uniq_sigmund
D:7:      trog_eyes_of_draining, old_standard_altar, old_standard_altar,
          minmay_temple_entry_statues_pillars, serial_shops, shop,
          mrwooster_statue_mirror
D:8:      david_lair_shrubbed, serial_shops, shop
D:9:      nicolae_overflow_hidden_temple, uniq_prince_ribbit1
D:10:     grunt_ogre_cave, uniq_nergalle, uniq_joseph
D:11:     serial_shops, shop, special_room, uniq_maurice, uniq_erolcha

Skill      XL: |  1  2  3  4  5  6  7  8  9 |
---------------+----------------------------+-----
Axes           | 4 5 6 7 9 |  9.6
Fighting       | 4 5 6 7 |  7.2
Armour         | 3 4 5 6 |  6.8
Dodging        | 3 4 5 6 |  6.1
Evocations     | 1 3 4 |  4.4

Action                   |  1- 3 |  4- 6 |  7- 9 || total
-------------------------+-------+-------+-------++-------
Melee: Hand axe          |    67 |     7 |    99 ||   173
       Headbutt          |    13 |     6 |    19 ||    38
       War axe           |       |    13 |     3 ||    16
Invok: Berserk           |       |     2 |     3 ||     5
Evoke: Wand              |       |       |     8 ||     8
  Use: Potion            |       |     1 |     4 ||     5
       Scroll            |       |       |     3 ||     3
 Stab: Confused          |       |       |     1 ||     1
  Eat: Chunk             |       |     4 |     5 ||     9
Armor: Animal skin       |     3 |       |       ||     3
       Ring mail         |     8 |     4 |    25 ||    37
Dodge: Dodged            |    52 |    14 |    65 ||   131
